 Dungeon Crawl Stone Soup version 0.30.1-11-g7821555f0a (webtiles) character file.

Game seed: 4623196036609695246

1472 bnorton916 the Thaumaturge (level 8, -6/41 HPs)
             Began as a Deep Elf Conjurer on Dec 15, 2023.
             Was an Initiate of Gozag.
             Killed by an exploding fulminant prism (24 damage)
             ... on level 6 of the Dungeon.
             The game lasted 00:09:51 (8114 turns).

bnorton916 the Thaumaturge (Deep Elf Conjurer)      Turns: 8114, Time: 00:09:52

Health: -6/41      AC:  7    Str:  4    XL:     8   Next: 49%
Magic:  9/22       EV: 27    Int: 33    God:    Gozag
Gold:   354        SH:  0    Dex: 16    Spells: 12/23 levels left

rFire   . . .        y - +6 rapier of Demand {heavy, Int+7 Dex+3}
rCold   . . .        (no shield)
rNeg    . . .        a - +0 robe
rPois   .            x - +2 helmet
rElec   .            n - +0 cloak
rCorr   .            u - +0 pair of gloves
SInv    .            (no boots)
Will    .....        e - amulet of the acrobat
Stlth   ++           (no ring)
HPRegen 0.26/turn    (no ring)
MPRegen 0.18/turn

%: acrobat
@: gold aura, acrobatic
A: no striking features
a: Renounce Religion, Potion Petition, Call Merchant, Bribe Branch


You were on level 6 of the Dungeon.
You worshipped Gozag.
Gozag was aware of your devotion.
You visited 2 branches of the dungeon, and saw 7 of its levels.
You also visited: Ossuary.

You collected 496 gold pieces.
You paid 142 gold pieces to Gozag.

Inventory:

Hand Weapons
 c - the +8 whip of Lusayrch {venom, Str+4}
   (You found it on level 4 of the Dungeon)

   Str:       It affects your strength (+4).
 y - the +6 rapier of Demand (weapon) {heavy, Int+7 Dex+3}
   (You found it on level 4 of the Dungeon)

   Int:       It affects your intelligence (+7).
   Dex:       It affects your dexterity (+3).
Armour
 a - a +0 robe (worn)
 n - a +0 cloak (worn)
 u - a +0 pair of gloves (worn)
 x - a +2 helmet (worn)
Jewellery
 e - an amulet of the acrobat (around neck)
 B - a ring of ice
Wands
 s - a wand of flame (4)
Scrolls
 d - 4 scrolls of magic mapping
 f - 4 scrolls of teleportation
 h - a scroll of fog
 i - 4 scrolls of noise
 r - 2 scrolls of torment
 t - a scroll of enchant weapon
 A - a scroll of blinking {unknown}
 C - a scroll of vulnerability {unknown}
Potions
 b - 2 potions of magic
 g - 6 potions of ambrosia
 j - 2 potions of haste {unknown}
 k - 4 potions of heal wounds {unknown}
 l - a potion of degeneration {unknown}
 m - 3 potions of flight {unknown}
 o - 3 potions of curing
 p - 3 potions of mutation {unknown}
 q - 3 potions of resistance {unknown}
 v - a potion of might {unknown}
 w - 5 potions of brilliance {unknown}
 z - 3 potions of invisibility {unknown}
 D - a potion of cancellation {unknown}


   Skills:
 - Level 2.4 Dodging
 - Level 2.4 Stealth
 + Level 8.4 Spellcasting
 + Level 7.8 Conjurations
 + Level 5.7 Hexes
 + Level 4.7 Translocations


You had 12 spell levels left.
You knew the following spells:

 Your Spells              Type           Power      Damage    Failure   Level
a - Magic Dart            Conj           100%       1d8       1%          1
b - Searing Ray           Conj           100%       2d8       1%          2
c - Fulminant Prism       Conj/Hex       28%        3d14      1%          4
d - Iskenderun's Mystic   Conj/Tloc      53%        2d11      2%          4

Your spell library contained the following spells:

 Spells                   Type           Power      Damage    Failure   Level
 Apportation              Tloc           90%        N/A       1%          1
 Dazzling Flash           Conj/Hex       100%       N/A       1%          3
 Necrotise                Necr           52%        1d6       3%          1
 Summon Small Mammal      Summ           52%        N/A       3%          1
 Inner Flame              Hex/Fire       32%        N/A       3%          3
 Flame Wave               Conj/Fire      39%        2d11      7%          4
 Sticky Flame             Conj/Fire      39%        2d6       7%          4


Dungeon Overview and Level Annotations

Branches:
Dungeon (6/15)             Temple (1/1) D:5         Ossuary (visited)

Altars:
Ashenzari
Cheibriados
Dithmenos
Elyvilon
Fedhas
Gozag
Hepliaklqana
Kikubaaqudgha
Makhleb
Nemelex Xobeh
Okawaru
Qazlal
Ru
Sif Muna
Trog
Wu Jian
Xom
Yredelemnul
Zin
The Shining One

Shops:
D:4 :


Message History

The centaur shoots an arrow.
The arrow misses you.
A hound comes into view.
The centaur shoots an arrow.
The arrow closely misses you.
The centaur shoots an arrow.
The arrow barely misses you.
The centaur shoots an arrow.
The arrow barely misses you.
Casting: Iskenderun's Mystic Blast (dangerous; 2% risk of failure)
Confirm with . or Enter, or press ? or * to list all spells.
Aiming: Fulminant Prism (dangerous; 2% risk of failure)
Press: ? - help, Dir - move target You conjure a prism of explosive energy!
A fulminant prism comes into view.
Unknown command.
Your fulminant prism crackles loudly.
Sigmund points at you and mumbles some strange words.
The magic dart hits you but does no damage.
Your fulminant prism explodes!
The blast of energy engulfs Sigmund!!
You kill Sigmund!
You hear an angry hiss.
Unknown command.
The centaur shoots an arrow.
The arrow hits you!
Casting: Fulminant Prism (dangerous; 1% risk of failure)
Confirm with . or Enter, or press ? or * to list all spells.
Aiming: Fulminant Prism (dangerous; 1% risk of failure)
Press: ? - help, Dir - move target You conjure a prism of explosive energy!
A fulminant prism comes into view.
The centaur shoots an arrow.
The arrow barely misses you.
Unknown command.
The centaur shoots an arrow.
The arrow hits you!
The centaur shoots an arrow.
The arrow completely misses you.
Your fulminant prism crackles loudly.
The centaur shoots an arrow.
The arrow hits you.
Your fulminant prism explodes!
The blast of energy engulfs the centaur!!
You kill the centaur!
The blast of energy engulfs you!!
Ouch! That really hurt!
You die...
Your body crumbles into a pile of gold.

#..##.##.########.###
#.###.......>....... #
#..#####.########..###.##
#.#.###.## #........
##.##.#.##### ####........
#.........$.###..h........
#.........#...@.c.........
##..######.####.#####.!....
#.........@# #.# .....
#...#####..# #.# ....
...##...# #..# #.# .#.
........#####..# #.# ..
...####.#.....#..# #.. . .#
#.#.###.#..#####. .##
###.#.............. ..
.......###.......... .#
####...# ###..#####.


There were no monsters in sight!

Vanquished Creatures
  Sigmund (D:6)
  A water moccasin (D:6)
  2 ice beasts
  2 ogres
  2 centaurs
  A phantom (D:5)
  2 scorpions (D:5)
  7 hounds
  Jessica (D:3)
  3 sleepcaps (D:6)
  Robin (D:3)
  8 mummies (Ossuary)
  5 adders
  A gnoll (D:1)
  2 white imps
  An ufetubus (D:4)
  10 orcs
  3 bats
  6 endoplasms
  A giant cockroach (D:1)
  14 goblins
  8 hobgoblins
  2 jackals (D:4)
  5 kobolds
  4 quokkas
  8 ball pythons
  A frilled lizard (D:1)
  A gnoll zombie (Ossuary)
  3 hobgoblin zombies (Ossuary)
  3 kobold zombies (Ossuary)
  An orc zombie (Ossuary)
  5 rats
115 creatures vanquished.

Vanquished Creatures (others)
  6 fulminant prisms (D:6)
6 creatures vanquished.

Grand Total: 121 creatures vanquished

Notes
Turn   | Place    | Note
-------+----------+-------------------------------------------
     0 | D:1      | bnorton916 the Deep Elf Conjurer began the quest for the
                  | Orb.
     0 | D:1      | Reached XP level 1. HP: 10/10 MP: 6/6
   464 | D:1      | Reached XP level 2. HP: 15/15 MP: 1/8
   763 | D:1      | Learned a level 2 spell: Searing Ray
  1064 | D:1      | Reached skill level 4 in Spellcasting
  1274 | D:2      | Reached skill level 5 in Conjurations
  1274 | D:2      | Reached XP level 3. HP: 17/19 MP: 6/10
  2376 | D:3      | Noticed Jessica
  2378 | D:3      | Killed Jessica
  2379 | D:3      | Reached XP level 4. HP: 24/24 MP: 8/12
  2835 | D:3      | Reached skill level 5 in Spellcasting
  3319 | D:3      | Noticed Robin
  3325 | D:3      | Killed Robin
  3806 | D:4      | Identified the +8 whip of Lusayrch {venom, Str+4}
  3935 | D:4      | Reached XP level 5. HP: 28/28 MP: 9/14
  4218 | D:4      | Found Nuguss's Book Boutique.
  4229 | D:4      | Identified the +6 rapier of Demand {heavy, Int+7 Dex+3}
  4982 | D:5      | Entered Level 5 of the Dungeon
  4997 | D:5      | Learned a level 4 spell: Fulminant Prism
  5002 | D:5      | Learned a level 4 spell: Iskenderun's Mystic Blast
  5067 | D:5      | Found a bloodstained altar of Trog.
  5114 | D:5      | Found a white marble altar of Elyvilon.
  5123 | D:5      | Reached skill level 6 in Spellcasting
  5123 | D:5      | Reached skill level 1 in Hexes
  5131 | D:5      | Noticed an ice beast
  5139 | D:5      | Killed an ice beast
  5140 | D:5      | Reached skill level 1 in Translocations
  5140 | D:5      | Reached XP level 6. HP: 32/32 MP: 6/17
  5177 | D:5      | Found a sand-covered staircase.
  5206 | Ossuary  | Entered an ossuary
  6301 | Ossuary  | Reached XP level 7. HP: 36/36 MP: 13/19
  6555 | D:5      | Reached skill level 7 in Spellcasting
  6908 | D:5      | Found a staircase to the Ecumenical Temple.
  6953 | Temple   | Entered the Ecumenical Temple
  7288 | Temple   | Became a worshipper of Gozag Ym Sagoz the Greedy
  7599 | D:6      | Reached XP level 8. HP: 38/41 MP: 6/21
  7760 | D:6      | Reached skill level 5 in Hexes
  7952 | D:6      | Reached skill level 8 in Spellcasting
  8095 | D:6      | Noticed Sigmund
  8110 | D:6      | Killed Sigmund
  8114 | D:6      | Killed by an exploding fulminant prism

Illustrated notes

Levels and vault maps discovered:
D:1:      lightli_molten_gateway, layout_basic
D:2:      layout_basic
D:3:      layout_basic, minivault_4, uniq_robin, uniq_jessica
D:4:      layout_basic, serial_curves, eino_curves_01, eino_curves_01,
          eino_curves_03, serial_shops, nicolae_shop_tiny_glass,
          kennysheep_big_empty_room, lightli_corner_chamber
D:5:      layout_loops_ring, old_standard_altar, mainiacjoe_overflow_boulevard,
          minmay_temple_entry_glassed_door, chequers_ossuary_entry_cave
D:6:      layout_loops_ring, dancing_weapons_uskayaw, uniq_sigmund
Temple:   hc_temple_tempest_star

Skill      XL: |  1  2  3  4  5  6  7  8 |
---------------+-------------------------+-----
Spellcasting   | 4 5 6 7 8 |  8.4
Conjurations   | 5 6 7 |  7.8
Hexes          | 1 2 4 5 |  5.7
Translocations | 1 2 3 4 |  4.7
Dodging        | |  2.4
Stealth        | |  2.4

Action                     |  1- 3 |  4- 6 |  7- 9 || total
---------------------------+-------+-------+-------++-------
   Cast: Magic Dart        |    54 |    85 |    24 ||   163
         Searing Ray       |       |    25 |    13 ||    38
         Fulminant Prism   |       |       |     6 ||     6
         Iskenderun's Myst |       |       |     3 ||     3
  Evoke: Wand              |       |     1 |       ||     1
    Use: Potion            |       |     1 |       ||     1
         Scroll            |       |     6 |     2 ||     8
 Armour: Robe              |     1 |     4 |     3 ||     8
  Dodge: Dodged            |     4 |    11 |    17 ||    32
